 Dungeon Crawl Stone Soup version 0.26.1-2-gb8aa6d0cf2 (webtiles) character file.

Game seed: 14649190772879893154

8517 funkygono the Arsonist (level 11, -4/60 HPs)
             Began as a Gargoyle Fire Elementalist on Feb 13, 2021.
             Was a Follower of Sif Muna.
             Splashed by an acid dragon's acid (17 damage)
             ... on level 11 of the Dungeon.
             The game lasted 00:34:34 (13206 turns).

funkygono the Arsonist (GrFE)                      Turns: 13206, Time: 00:34:34

Health: -4/60      AC: 20    Str: 13    XL:     11   Next: 32%
Magic:  19/23      EV: 10    Int: 24    God:    Sif Muna [*.....]
Gold:   709        SH:  0    Dex: 10    Spells: 20/27 levels left

rFire    + . .     SeeInvis .   E - +9 staff of Wucad Mu {*channel}
rCold    x . .     Faith    .   (no shield)
rNeg     + . .     Spirit   .   q - +3 scale mail
rPois    ∞         Reflect  .   e - +1 helmet
rElec    +         Harm     .   y - +2 cloak
rCorr    .         Rampage  .   l - +1 pair of gloves
Will     .....                  a - +0 pair of boots
Stlth    +.........             (no amulet)
HPRegen  0.20/turn              p - +6 ring of intelligence
MPRegen  0.18/turn              I - ring of fire

@: corroded
A: negative energy resistance 1, electricity resistance, unbreathing,
petrification resistance, miasma immunity, AC +8
a: Renounce Religion, Channel Magic


You were on level 11 of the Dungeon.
You worshipped Sif Muna.
Sif Muna was aware of your devotion.
You visited 2 branches of the dungeon, and saw 12 of its levels.

You collected 709 gold pieces.

Inventory:

Hand Weapons
 b - a +3 quarterstaff of chaos
 A - the +6 whip "Eptaepheo" {vorpal, rF++}
   (You found it on level 6 of the Dungeon)

   It inflicts extra damage upon your enemies.
   It greatly protects you from fire.
 E - the +9 staff of Wucad Mu (weapon) {*channel}
   (You found it on level 5 of the Dungeon)
Missiles
 f - 367 stones
Armour
 a - a +0 pair of boots (worn)
 e - a +1 helmet (worn)
 l - a +1 pair of gloves (worn)
 q - a +3 scale mail (worn)
 y - a +2 cloak (worn)
 H - a +0 ring mail of cold resistance
Magical Staves
 C - an uncursed staff of death
Jewellery
 j - an uncursed ring of positive energy
 p - a +6 ring of intelligence (left hand)
 D - a +6 ring of strength
 I - a ring of fire (right hand)
 J - a +4 ring of slaying
 K - a +6 ring of dexterity
 L - an uncursed ring of resist corrosion
 P - the ring "Hyidus" {rN+ EV-4 Str+2 Dex+4}
   (You found it on level 8 of the Dungeon)

   [ring of evasion]

   It affects your evasion (-4).
   It affects your strength (+2).
   It affects your dexterity (+4).
   It protects you from negative energy.
Wands
 v - a wand of acid (4)
 w - a wand of random effects (46)
 B - a wand of flame (11)
Scrolls
 i - 2 scrolls of blinking
 k - 2 scrolls of fog
 m - a scroll of fear
 n - a scroll of teleportation
 u - a scroll of identify
 G - 2 scrolls of magic mapping
Potions
 c - a potion of degeneration {unknown}
 d - a potion of magic {unknown}
 g - 4 potions of might
 h - 2 potions of curing
 o - 3 potions of haste
 r - a potion of lignification {unknown}
 s - 2 potions of attraction
 t - 2 potions of brilliance
 x - 3 potions of invisibility
 z - 2 potions of cancellation {unknown}
 F - 2 potions of flight {unknown}
 O - a potion of ambrosia {unknown}


   Skills:
 + Level 3.6 Fighting
 + Level 4.4 Maces & Flails
 + Level 0.6(2.8) Staves
 + Level 7.3 Armour
 + Level 2.7 Dodging
 + Level 2.9 Stealth
 + Level 8.6 Spellcasting
 + Level 8.4 Conjurations
 + Level 8.8 Fire Magic


You had 20 spell levels left.
You knew the following spells:

 Your Spells              Type           Power        Failure   Level
a - Foxfire               Conj/Fire      100%         1%          1
b - Magic Dart            Conj           100%         1%          1
c - Fireball              Conj/Fire      33%          19%         5

Your spell library contained the following spells:

 Spells                   Type           Power        Failure   Level
 Conjure Flame            Conj/Fire      67%          1%          3
 Sticky Flame             Conj/Fire      67%          7%          4
 Inner Flame              Hex/Fire       47%          11%         3
 Mephitic Cloud           Conj/Pois/Air  23%          22%         3
 Beastly Appendage        Tmut           20%          24%         1
 Blink                    Tloc           N/A          34%         2
 Call Imp                 Summ           10%          34%         2
 Ensorcelled Hibernation  Hex/Ice        20%          34%         2
 Slow                     Hex            10%          34%         2
 Wereblood                Tmut           10%          34%         2
 Alistair's Intoxication  Tmut/Pois      6%           100%        5
 Borgnjor's Vile Clutch   Necr/Erth      5%           100%        5
 Silence                  Hex/Air        5%           100%        5
 Yara's Violent Unravell  Hex/Tmut       5%           100%        5
 Eringya's Noxious Bog    Tmut/Pois      5%           100%        6
 Shadow Creatures         Summ           N/A          100%        6


Dungeon Overview and Level Annotations

Branches:
Dungeon (11/15)            Temple (1/1) D:4            Lair (0/6) D:8
    Orc: D:9-12

Altars:
Ashenzari
Cheibriados
Dithmenos
Elyvilon
Fedhas
Gozag
Hepliaklqana
Kikubaaqudgha
Makhleb
Nemelex Xobeh
Okawaru
Qazlal
Ru
Sif Muna
Trog
Uskayaw
Vehumet
Wu Jian
Xom
Yredelemnul
Zin
The Shining One

Annotations:
D:8 3 runed translucent doors


Innate Abilities, Weirdness & Mutations

You are resistant to torment.
Your stone body is resilient. (AC +8)
You are immune to poison.
You resist negative energy. (rN+)
You are resistant to electric shocks. (rElec)
You can survive without breathing.
You are immune to petrification.
You are immune to miasma.


Message History

The splash of acid hits you. The acid corrodes you!
You are splashed with acid!!
Casting: Foxfire (safe; 1% risk of failure)
Confirm with . or Enter, or press ? or * to list all spells.
You feel a surge of power!
You conjure some foxfire!
The foxfire hits the acid dragon but does no damage.
The acid dragon is moderately wounded.
The foxfire hits the acid dragon.
The acid dragon is heavily wounded.
The acid dragon bites you but does no damage.
The acid dragon closely misses you.
You feel better.
The foxfire hits the acid dragon.
The acid dragon is severely wounded.
The foxfire hits the acid dragon.
The acid dragon is severely wounded.
The acid dragon spits acid at you. The splash of acid hits you!
* * * LOW HITPOINT WARNING * * *
You are splashed with acid!
You die...

..#...# #.###.# ###
#<#...' .. #.#.### #.#
#.....# #.. ######'##
#####.## #......#
#....§§##### ##'#######
#.....@....###.........
#.....D###...#.........
#......# ###.'.........
#.....$# ###.........
#......# #.........
#......# #.........
#####.## #######+## #.


You could see an acid dragon (catching breath).

Vanquished Creatures
  A two-headed ogre (D:10)
  A death yak (D:8)
  2 ugly things
  A centaur zombie (D:10)
  Prince Ribbit (D:6)
  6 yaks (D:10)
  A water moccasin (D:10)
  4 orc warriors
  A black bear (D:6)
  5 ice beasts
  2 sky beasts
  9 ogres
  3 phantoms
  A centaur (D:11)
  A wyvern zombie (D:10)
  4 bullfrogs
  A wyvern skeleton (D:3)
  A water moccasin zombie (D:5)
  3 scorpions
  6 killer bees
  8 wights
  A howler monkey (D:4)
  A bullfrog zombie (D:8)
  2 bullfrog skeletons
  Crazy Yiuf (D:6)
  9 hounds
  A quasit (D:8)
  8 orc priests
  4 centaur skeletons
  3 iguanas
  5 orc wizards
  Natasha (thrice) (D:4)
  6 worker ants
  2 hound skeletons
  2 worker ant zombies
  6 gnolls
  A howler monkey skeleton (D:5)
  3 river rats (D:8)
  7 adders
  A shadow imp (D:6)
  A white imp (D:10)
  2 ufetubi
  2 oozes
  2 adder skeletons
  An adder zombie (D:10)
  3 worms (D:4)
  4 leopard geckos
  45 orcs
  2 ball pythons (D:1)
  6 bats
  3 giant cockroaches
  8 goblins
  6 hobgoblins
  6 jackals
  9 quokkas
  A frilled lizard (D:2)
  A jackal skeleton (D:4)
  7 kobolds
  A leopard gecko skeleton (D:8)
  2 quokka skeletons
  7 rats
247 creatures vanquished.

Vanquished Creatures (others)
  1090 foxfires
1090 creatures vanquished.

Grand Total: 1337 creatures vanquished

Notes
Turn   | Place    | Note
-------+----------+-------------------------------------------
     0 | D:1      | funkygono the Gargoyle Fire Elementalist began the quest
                  | for the Orb.
     0 | D:1      | Reached XP level 1. HP: 10/10 MP: 3/3
   366 | D:1      | Reached XP level 2. HP: 15/15 MP: 1/5
  1324 | D:2      | Reached XP level 3. HP: 19/19 MP: 3/6
  1495 | D:2      | Found a glowing golden altar of the Shining One.
  1559 | D:2      | Found a snail-covered altar of Cheibriados.
  1581 | D:2      | Noticed an ogre
  1599 | D:2      | Killed an ogre
  1600 | D:2      | Reached XP level 4. HP: 24/24 MP: 0/8
  1610 | D:2      | Reached XP level 5. HP: 28/28 MP: 0/9
  1792 | D:2      | Reached skill level 1 in Armour
  1923 | D:2      | Found a blossoming altar of Fedhas.
  2439 | D:3      | Reached XP level 6. HP: 31/32 MP: 1/10
  2518 | D:3      | Found a faded altar of an unknown god.
  2908 | D:3      | Learned a level 1 spell: Magic Dart
  3388 | D:4      | Reached XP level 7. HP: 25/36 MP: 2/12
  3626 | D:4      | Found an ancient bone altar of Kikubaaqudgha.
  3687 | D:4      | Noticed Natasha
  3693 | D:4      | Killed Natasha
  3694 | D:4      | Reached skill level 5 in Fire Magic
  3844 | D:4      | Noticed Natasha
  3847 | D:4      | Killed Natasha
  3933 | D:4      | Noticed Natasha
  3937 | D:4      | Killed Natasha
  4699 | D:4      | Found a staircase to the Ecumenical Temple.
  4829 | Temple   | Entered the Ecumenical Temple
  5059 | D:5      | Entered Level 5 of the Dungeon
  5211 | D:5      | Reached skill level 5 in Spellcasting
  5211 | D:5      | Reached XP level 8. HP: 33/41 MP: 7/15
  5702 | D:5      | Found the +9 staff of Wucad Mu {*channel}
  6117 | D:6      | Found an opulent altar of Gozag.
  6131 | D:6      | Reached skill level 5 in Conjurations
  6260 | D:6      | Found a runed translucent door.
  6261 | D:6      | Noticed Crazy Yiuf
  6277 | D:6      | Killed Crazy Yiuf
  6647 | D:6      | Found a burning altar of Makhleb.
  6864 | D:6      | Found a hide-covered altar of Uskayaw.
  6870 | D:6      | Got a translucent whip
  6894 | D:6      | Identified the +6 whip "Eptaepheo" {vorpal, rF++} (You
                  | found it on level 6 of the Dungeon)
  7085 | D:6      | Noticed Prince Ribbit
  7095 | D:6      | Killed Prince Ribbit
  7096 | D:6      | Reached XP level 9. HP: 36/46 MP: 13/18
  7444 | D:7      | Reached skill level 1 in Fighting
  7611 | D:7      | Found an ornate altar of the Wu Jian Council.
  8380 | D:7      | Found an iron altar of Okawaru.
  8720 | D:8      | Found a runed translucent door.
  8746 | D:8      | Reached skill level 1 in Maces & Flails
  8748 | D:8      | Noticed a manticore
  8748 | D:8      | Noticed a centaur warrior
  8751 | D:8      | Found a runed translucent door.
  8751 | D:8      | Found a runed translucent door.
  8751 | D:8      | Noticed a centaur warrior
  9142 | D:8      | Noticed a brown ugly thing
  9156 | D:8      | Reached XP level 10. HP: 33/54 MP: 5/20
  9180 | D:8      | Killed a brown ugly thing
  9181 | D:8      | Reached skill level 5 in Armour
  9402 | D:8      | Identified the Papyrus of Transformation
  9650 | D:8      | Noticed a death yak
  9651 | D:8      | Noticed a death yak
  9658 | D:8      | Noticed a death yak
 10185 | D:8      | Got a glittering golden ring
 10190 | D:8      | Identified the cursed ring "Hyidus" {rN+ EV-4 Str+2 Dex+4}
                  | (You found it on level 8 of the Dungeon)
 10199 | D:8      | Learned a level 5 spell: Fireball
 10330 | D:8      | HP: 1/54 [death yak (17)]
 10335 | D:8      | Killed a death yak
 10503 | D:8      | Found a staircase to the Lair.
 10805 | D:9      | Found a burning altar of Makhleb.
 10808 | D:9      | Found a sparkling altar of Nemelex Xobeh.
 10811 | D:9      | Found a hazy altar of Hepliaklqana.
 10822 | D:9      | Found a shimmering blue altar of Sif Muna.
 10831 | D:9      | Became a worshipper of Sif Muna the Loreminder
 10921 | D:9      | Found a shadowy altar of Dithmenos.
 11205 | D:10     | Entered Level 10 of the Dungeon
 11947 | D:10     | Reached * piety under Sif Muna
 11972 | D:10     | Reached XP level 11. HP: 21/60 MP: 16/23
 12409 | D:11     | Noticed a purple ugly thing
 12423 | D:11     | Killed a purple ugly thing
 12573 | D:11     | Noticed a two-headed ogre
 12620 | D:10     | Killed a two-headed ogre
 13206 | D:11     | Splashed by an acid dragon's acid

Illustrated notes

Levels and vault maps discovered:
D:1:      dpeg_arrival_boxes_within_box, layout_loops_ring
D:2:      layout_basic, general_overflow_altar, tso_metal_star,
          overflow_temple_1_default, minmay_pentomino_s4
D:3:      layout_basic, chequers_ecumenical_altar_simple_redux
D:4:      layout_basic, kiku_gazebo_pond_becter, minmay_temple_entry_poolview,
          dk_vineyard_1, uniq_natasha
D:5:      layout_basic
D:6:      layout_loops_corners, eat_drink_and_be_merry_uskayaw,
          grunt_gozag_statues, makhleb_heckhound_becter,
          uniq_crazy_yiuf_cottage, uniq_prince_ribbit1
D:7:      layout_basic, old_standard_altar, okawaru_altar_gauntlet_db
D:8:      minmay_the_grid_four_pointed_star
          [minmay_the_grid_triangle_9x9_fully_insulated_deathbox,
          minmay_the_grid_triangle_9x9_odd_lines,
          minmay_the_grid_triangle_9x9_dagger,
          minmay_the_grid_triangle_9x9_semitri,
          minmay_the_grid_prize_trominoes], layout_basic, dpeg_lair_monsters
D:9:      layout_big_octagon, grunt_temple_overflow_open,
          nicolae_overflow_crystal_walls
D:10:     layout_roguey
D:11:     layout_roguey [special_room_kobold], david_orc_3
Temple:   jpeg_temple_island

Skill      XL: |  1  2  3  4  5  6  7  8  9 10 11 |
---------------+----------------------------------+-----
Conjurations   | 2 3 4 6 7 8 |  8.4
Fire Magic     | 4 5 6 7 8 |  8.8
Armour         | 2 3 4 6 7 |  7.3
Spellcasting   | 3 5 6 7 8 |  8.6
Dodging        | 2 |  2.7
Fighting       | 2 3 |  3.6
Maces & Flails | 1 3 4 |  4.4
Staves         | |  0.6
Stealth        | |  2.9

Action                   |  1- 3 |  4- 6 |  7- 9 | 10-12 || total
-------------------------+-------+-------+-------+-------++-------
Melee: Unarmed           |     3 |       |       |       ||     3
       Club              |     1 |    22 |       |       ||    23
       Whip              |       |     8 |    60 |   146 ||   214
       Staff             |       |       |     8 |     6 ||    14
 Cast: Foxfire           |    38 |    76 |   279 |   245 ||   638
       Magic Dart        |       |       |     2 |     1 ||     3
  Use: Scroll            |     2 |     4 |     7 |    10 ||    23
       Potion            |       |       |     2 |    13 ||    15
Armor: Robe              |     4 |       |       |       ||     4
       Scale mail        |     3 |    27 |    77 |   173 ||   280
       Leather armour    |       |     6 |    34 |       ||    40
Dodge: Dodged            |    18 |    16 |    95 |    99 ||   228
